 Dungeon Crawl Stone Soup version 0.29-a0-234-g0dae59b3db (webtiles) character file.

Game seed: 15552504878452811120

100 kae the Sneak (level 4, -5/21 HPs)
             Began as a Spriggan Enchanter on Mar 2, 2022.
             Slain by a gnoll
             ... wielding a +0 halberd
              (13 damage)
             ... on level 3 of the Dungeon.
             The game lasted 00:02:12 (2380 turns).

kae the Sneak (Spriggan Enchanter)                  Turns: 2380, Time: 00:02:13

Health: -5/21      AC:  3    Str: 12    XL:     4   Next: 46%
Magic:  4/10       EV: 19    Int: 16    God:
Gold:   48         SH:  0    Dex: 21    Spells: 7/9 levels left

rFire   . . .      SeeInvis +   a - +1 dagger
rCold   . . .      Faith    .   (no shield)
rNeg    . . .      Spirit   .   b - +1 robe
rPois   .          Reflect  .   (helmet restricted)
rElec   .          Harm     .   (no cloak)
rCorr   .          Rampage  .   (gloves unavailable)
Will    .....                   (boots unavailable)
Stlth   +++.......              (no amulet)
HPRegen 0.07/turn               n - +6 ring of dexterity
MPRegen 0.12/turn               l - +6 ring of strength

@: very slightly contaminated, very quick
A: very small, no large weapons, unfitting armour, see invisible, speed 3
a: no special abilities


You were on level 3 of the Dungeon.
You visited 1 branch of the dungeon, and saw 3 of its levels.

You collected 48 gold pieces.

Inventory:

Hand Weapons
 a - a +1 dagger (weapon)
Armour
 b - a +1 robe (worn)
Jewellery
 l - a +6 ring of strength (right hand)
 n - a +6 ring of dexterity (left hand)
Wands
 g - a wand of digging (4)
Scrolls
 f - 2 scrolls of enchant armour
Potions
 c - 3 potions of invisibility
 d - 3 potions of heal wounds
 e - 3 potions of curing
 i - a potion of attraction
 j - 2 potions of lignification {unknown}


   Skills:
 * Level 2.9 Short Blades
 + Level 3.5 Dodging
 + Level 5.2 Stealth
 + Level 3.3 Spellcasting
 + Level 4.2 Hexes


You had 7 spell levels left.
You knew the following spells:

 Your Spells              Type           Power      Damage    Failure   Level
a - Ensorcelled Hibernat  Hex/Ice        18%        N/A       12%         2

Your spell library contained the following spells:

 Spells                   Type           Power      Damage    Failure   Level
 Confusing Touch          Hex            16%        N/A       10%         3
 Tukima's Dance           Hex            16%        N/A       10%         3
 Dazzling Flash           Conj/Hex       18%        N/A       22%         3


Dungeon Overview and Level Annotations

Branches:
Dungeon (3/15)

Altars:
Wu Jian


Innate Abilities, Weirdness & Mutations

You are very small and have problems with some larger weapons.
You are too small for most types of armour.
You have supernaturally acute eyesight. (SInv)
You cover ground extremely quickly. (Speed+++)


Message History

Found 20 stones.
Found an escape hatch in the ceiling.
A gnoll comes into view. It is wielding a +0 halberd.
A gnoll is nearby!
A gnoll is nearby!
The gnoll shouts!
You hear a shout!
An orc comes into view. It is wielding a +0 flail.
The orc shouts!
You hear a shout!
You start waiting.
A gnoll is nearby!
You start waiting.
A gnoll is nearby!
Casting: Ensorcelled Hibernation (safe; 12% risk of failure)
Confirm with . or Enter, or press ? or * to list all spells.
Aiming: Ensorcelled Hibernation (safe; 12% risk of failure)
Press: ? - help, Shift-Dir - straight line, f - gnoll
Aim: a gnoll, wielding a +0 halberd (chance to affect: 51%)
You miscast Ensorcelled Hibernation.
You are very lightly contaminated with residual magic.
Nothing appears to happen.
The gnoll closely misses you.
The orc shouts!
The gnoll hits you with a +0 halberd!
Ouch! That really hurt!
A gnoll comes into view. It is wielding a +0 spear.
Casting: Ensorcelled Hibernation (safe; 12% risk of failure)
Confirm with . or Enter, or press ? or * to list all spells.
Aiming: Ensorcelled Hibernation (safe; 12% risk of failure)
Press: ? - help, Shift-Dir - straight line, f/p - gnoll
Aim: a gnoll, wielding a +0 halberd (chance to affect: 51%)
You miscast Ensorcelled Hibernation.
Nothing appears to happen.
The orc closely misses you. The gnoll barely misses you.
Casting: Ensorcelled Hibernation (safe; 12% risk of failure)
Confirm with . or Enter, or press ? or * to list all spells.
Aiming: Ensorcelled Hibernation (safe; 12% risk of failure)
Press: ? - help, Shift-Dir - straight line, f/p - gnoll
Aim: a gnoll, wielding a +0 halberd (chance to affect: 51%)
You miscast Ensorcelled Hibernation.
Nothing appears to happen.
The orc misses you. The gnoll hits you with a +0 halberd!
Ouch! That really hurt!
You die...

# .#. .##... .(....
#..... ## ##g... .
#.####..###...
..####..........<..
.......go#######...
.......@##
.........#
.......#.###
.......#...# #...
.......###.## #...
....... #.># .#...
....... ##.######
..... .......
#......# #...
....... ######.##
#...


You could see 2 gnolls and an orc.

Vanquished Creatures
  An adder (D:2)
  4 gnolls (D:2)
  2 worms (D:2)
  2 dart slugs (D:2)
  4 endoplasms
  A giant cockroach (D:3)
  4 goblins
  4 hobgoblins
  2 quokkas (D:1)
  3 ball pythons
  4 bats (D:2)
  5 frilled lizards
  3 kobolds
  6 rats
45 creatures vanquished.

Notes
Turn   | Place    | Note
-------+----------+-------------------------------------------
     0 | D:1      | kae the Spriggan Enchanter began the quest for the Orb.
     0 | D:1      | Reached XP level 1. HP: 9/9 MP: 5/5
   189 | D:1      | Reached XP level 2. HP: 13/13 MP: 6/6
   192 | D:1      | Learned a level 2 spell: Ensorcelled Hibernation
  1226 | D:2      | Reached XP level 3. HP: 16/16 MP: 8/8
  1781 | D:2      | Found a faded altar of an unknown god.
  1826 | D:2      | Reached skill level 5 in Stealth
  1867 | D:2      | Reached XP level 4. HP: 18/21 MP: 1/9
  2311 | D:3      | Found an ornate altar of the Wu Jian Council.
  2380 | D:3      | Slain by a gnoll

Illustrated notes

Levels and vault maps discovered:
D:1:      eino_arrival_druids_welcome, layout_loops_ring, grunt_decor_cap
D:2:      layout_rooms, hellmonk_ecumenical_altar_inner_sanctum,
          chequers_mini_garden, chequers_serial_rivers_large_b,
          skrybe_limestone_x, hangedman_decor_points, minmay_tetromino_i4
D:3:      layout_rooms, mainiacjoe_overflow_catwalk, serial_shops,
          nicolae_shop_crystal, minmay_misc_feat_nine_boxes,
          corexii_leaking_fountain, kennysheep_generic_room_14, uniq_jessica

Skill      XL: |  1  2  3 |
---------------+----------+-----
Dodging        | 3 |  3.5
Spellcasting   | 3 |  3.3
Short Blades   | 2 |  2.9
Stealth        | 5 |  5.2
Hexes          | 4 |  4.2

Action                   |  1- 3 |  4- 6 || total
-------------------------+-------+-------++-------
Melee: Dagger            |    65 |    23 ||    88
       Punch             |     1 |       ||     1
 Cast: Ensorcelled Hiber |    14 |     5 ||    19
  Use: Scroll            |     3 |     3 ||     6
 Stab: Sleeping          |    21 |     7 ||    28
       Distracted        |       |     1 ||     1
Armor: Robe              |     4 |     4 ||     8
Dodge: Dodged            |    37 |    18 ||    55

Table legend: (Time is in decaauts)
 A = Elapsed time spent in this place.
 B = Non-inter-level travel time spent in this place.
 C = Inter-level travel time spent in this place.
 D = Time resting spent in this place.
 E = Time spent auto-exploring this place.
 F = Levels seen in this place.
 G = Mean time per level.
                   A        B        C        D        E       F      G
               +--------+--------+--------+--------+--------+-----+--------+
         Total |   1812 |   1784 |     28 |    587 |    796 |   3 |  604.0 |
       Dungeon |   1812 |   1784 |     28 |    587 |    796 |   3 |  604.0 |
               +--------+--------+--------+--------+--------+-----+--------+

Top non-repeatable levels by time:
     D:2: 1083 daAuts
     D:1: 614 daAuts
     D:3: 115 daAuts
